 Dungeon Crawl Stone Soup version 0.23-a0-32-g1388f29 (webtiles) character file.

17 glosham the Chopper (level 2, 0/26 HPs)
             Began as a Hill Orc Abyssal Knight on Aug 4, 2018.
             Was a Follower of Lugonu.
             Succumbed to an adder's poison
             ... on level 3 of the Dungeon.
             The game lasted 00:07:00 (301 turns).

glosham the Chopper (Hill Orc Abyssal Knight)        Turns: 301, Time: 00:07:01

Health: 0/26       AC:  3    Str: 14    XL:     2   Next: 62%
Magic:  3/3        EV: 11    Int: 12    God:    Lugonu [*.....]
Gold:   41         SH:  0    Dex: 10    Spells: 1/1 levels left

rFire    . . .     SeeInvis .   a - +1 hand axe
rCold    . . .     Gourm    .   (no shield)
rNeg     . . .     Faith    .   b - +0 leather armour
rPois    .         Spirit   .   (no helmet)
rElec    .         Reflect  .   (no cloak)
rCorr    .         Harm     .   (no gloves)
MR       .....                  (no boots)
Stlth    +.........             (no amulet)
HPRegen  0.08/turn              (no ring)
MPRegen  0.08/turn              (no ring)

@: lethally poisoned (0 -> -5)
A: no striking features
a: Depart the Abyss, Renounce Religion


You were on level 3 of the Dungeon.
You worshipped Lugonu.
Lugonu was aware of your devotion.
You were not hungry.

You visited 1 branch of the dungeon, and saw 3 of its levels.
You visited the Abyss 1 time.

You collected 41 gold pieces.

Inventory:

Hand Weapons
 a - a +1 hand axe (weapon)
Armour
 b - a +0 leather armour (worn)
Wands
 d - a wand of polymorph (11)
Scrolls
 f - a scroll of identify
Potions
 e - a potion of cancellation
Comestibles
 c - 2 rations


   Skills:
 - Level 3.6 Fighting
 * Level 4.2 Axes
 - Level 2.1 Armour
 - Level 0.7 Dodging
 - Level 2.4 Invocations


You had one spell level left.
You didn't know any spells.
Your spell library was empty.

Dungeon Overview and Level Annotations

Branches:
Dungeon (3/15)

Altars:


Message History

An adder comes into view.
The adder hisses angrily.
A hobgoblin comes into view. It is wielding a club.
The hobgoblin shouts!
The adder bites you but does no damage. The adder bites you.
The hobgoblin hits you with a club.
* * * LOW HITPOINT WARNING * * *
The adder bites you.
* * * LOW HITPOINT WARNING * * *
The hobgoblin hits you but does no damage.
The adder closely misses you.
Okay, then.
Adjust (i)tems, (s)pells, or (a)bilities?
Adjust which ability?
No such ability.
Evoke which item? (* to show all) (? for menu, Esc to quit)
Aiming: Polymorph
Press: ? - help, Shift-Dir - straight line, f/p - iguana
Aim: an iguana (chance to defeat MR: 54%)
The adder resists with significant effort.
The adder bites you but does no damage.
Evoke which item? (* to show all) (? for menu, Esc to quit)
Aiming: Polymorph
Press: ? - help, Shift-Dir - straight line, f/p - iguana
Aim: an iguana (chance to defeat MR: 54%)
The adder resists with significant effort.
The adder bites you.
* * * LOW HITPOINT WARNING * * *
You are lethally poisoned!
The adder poisons you!
Evoke which item? (* to show all) (? for menu, Esc to quit)
Aiming: Polymorph
Press: ? - help, Shift-Dir - straight line, f/p - iguana
Aim: an iguana (chance to defeat MR: 54%)
The adder evaporates and reforms as a howler monkey!
* * * LOW HITPOINT WARNING * * *
You feel sick.
Unknown command.
The howler monkey closely misses you.
You die...

#..# #.######.##. #..#
#.######w##. #..#
#[.......... #..#
########.... #..# ####.
#..# #. #..# #.
#..######## #.
#.lgh.@...############.
#.#######)..........>..
#........w.....†#######
###############.# #.#
#.# #.. ###


You could see a howler monkey, an iguana and a hobgoblin.

Vanquished Creatures
  An ooze (D:1)
  A dart slug (D:3)
  A leopard gecko (D:3)
  An orc (D:3)
  A hobgoblin (D:3)
  A quokka (D:2)
  A ball python (D:3)
  A frilled lizard (D:3)
  2 rats (D:3)
10 creatures vanquished.

Notes
Turn   | Place    | Note
-------+----------+-------------------------------------------
     0 | Abyss:1  | glosham the Hill Orc Abyssal Knight began the quest for the Orb.
     0 | Abyss:1  | Reached XP level 1. HP: 19/19 MP: 2/2
     5 | Abyss:1  | Noticed a small abomination
    13 | Abyss:2  | Found a corrupted altar of Lugonu.
    37 | Abyss:2  | Found a corrupted altar of Lugonu.
    38 | Abyss:2  | Noticed a neqoxec
    38 | Abyss:2  | Noticed a raiju
    39 | Abyss:2  | Noticed a quasit
    48 | D:1      | Escaped the Abyss
    62 | D:1      | Reached skill level 3 in Axes
    78 | D:3      | Reached XP level 2. HP: 20/26 MP: 3/3
   186 | D:3      | Reached skill level 4 in Axes
   268 | D:3      | Reached * piety under Lugonu
   294 | D:3      | HP: 2/26 [adder (2)]
   299 | D:3      | Noticed a howler monkey
   299 | D:3      | an adder changed into a howler monkey
   299 | D:3      | HP: 1/26 [poisoned by an adder]
   301 | D:3      | Succumbed to an adder's poison

Vault maps used:
D:1:      saegor_arrival_simple_d
D:2:      fedhas_altar_1, solitary_fountain
D:3:      first_ration, cheibrodos_sewer_entry_drain
Abyss:1:  due_exit_kobolds

Skill      XL: |  1  2 |
---------------+-------+-----
Axes           | 3 4 |  4.2
Fighting       | |  3.6
Armour         | |  2.1
Dodging        | |  0.7
Invocations    | |  2.4

Action                   || total
-------------------------++-------
Melee: Hand axe          ||    45
Invok: Depart the Abyss  ||     1
Evoke: Wand              ||     5
  Use: Scroll            ||     1
       Potion            ||     1
 Stab: Sleeping          ||     1
Armor: Leather armour    ||    18
Dodge: Dodged            ||    27

Table legend:
 A = Spawn XP
 B = Non-spawn XP
 C = Spawn XP percentage of total XP
 D = Spawn monster count
 E = Non-spawn monster count
 F = Spawn count percentage of total count
 G = Total turns spent on level
                    A         B        C        D         E        F      G
               +---------+---------+-------+---------+---------+-------+---------
         Total |       0 |      25 |   0.0 |       0 |      10 |   0.0 |   301
               +---------+---------+-------+---------+---------+-------+---------
           D:1 |       0 |       7 |   0.0 |       0 |       1 |   0.0 |    21
           D:2 |       0 |       2 |   0.0 |       0 |       1 |   0.0 |    10
           D:3 |       0 |      16 |   0.0 |       0 |       8 |   0.0 |   222
               +---------+---------+-------+---------+---------+-------+---------

Table legend:
 A = Turns spent in this place as a percentage of turns spent in the entire game.
 B = Non-inter-level travel turns spent in this place as a percentage of non-inter-level travel turns spent in the entire game.
 C = Inter-level travel turns spent in this place as a percentage of turns spent in this place.
 D = Turns resting spent in this place as a percentage of non-inter-level travel turns spent in this place.
 E = Turns spent auto-exploring this place as a percentage of non-inter-level travel turns spent in this place.
 F = Non-inter-level travel turns spent in this place divided by the number of levels of this place that you've seen.
                   A       B       C       D       E      F
               +-------+-------+-------+-------+-------+----------------------
         Total | 100.0 | 100.0 |   0.0 |   0.0 |   0.0 |  60.2
       Dungeon |  84.1 |  84.1 |   0.0 |   0.0 |   0.0 |  84.3
         Abyss |  15.9 |  15.9 |   0.0 |   0.0 |   0.0 |  24.0
               +-------+-------+-------+-------+-------+----------------------

Table legend:
 A = Kills in this place as a percentage of kills in entire the game.
 B = Kills by you in this place as a percentage of kills by you in the entire game.
 C = Kills by friends in this place as a percentage of kills by friends in the entire game.
 D = Other kills in this place as a percentage of other kills in the entire game.
 E = Experience gained in this place as a percentage of experience gained in the entire game.
 F = Experience gained in this place divided by the number of levels of this place that you have seen.
                   A       B       C       D       E      F
               +-------+-------+-------+-------+-------+----------------------
         Total | 100.0 | 100.0 |   N/A |   N/A | 100.0 |   5.0
       Dungeon | 100.0 | 100.0 |   N/A |   N/A | 100.0 |   8.3
               +-------+-------+-------+-------+-------+----------------------

Vault maps used:
D:1:      saegor_arrival_simple_d
D:2:      fedhas_altar_1, solitary_fountain
D:3:      first_ration, cheibrodos_sewer_entry_drain
Abyss:1:  due_exit_kobolds
